 Dungeon Crawl Stone Soup version 0.31-a0-232-gb1c03b2570 (webtiles) character file.

Game seed: 17583831680537236433

444 qw the Shooter (level 7, -3/42 HPs)
             Began as a Gargoyle Hexslinger on July 7, 2023.
             Slain by a gnoll
             ... wielding a +0 spear
             ... led by a gnoll bouda
              (5 damage)
             ... on level 5 of the Dungeon.
             The game lasted 00:01:34 (3494 turns).

qw the Shooter (Gargoyle Hexslinger)                Turns: 3494, Time: 00:01:34

Health: -3/42      AC: 11    Str: 12    XL:     7   Next: 3%
Magic:  0/8        EV: 12    Int: 13    God:
Gold:   182        SH:  0    Dex: 14    Spells: 7/8 levels left

rFire   . . .        Y - +1 sling
rCold   + . .        (no shield)
rNeg    + . .        b - +0 robe {rC+}
rPois   inf          (no helmet)
rElec   +            h - +0 cloak
rCorr   .            j - +2 pair of gloves
SInv    .            (no boots)
Will    +....        c - amulet of guardian spirit
Stlth   +            g - ring of willpower
HPRegen 0.27/turn    (no ring)
MPRegen 0.11/turn

%: guardian spirit
@: no status effects
A: sickness immunity, AC +4, negative energy resistance 1, electricity
resistance, torment resistance 1, petrification resistance
a: no special abilities


You were on level 5 of the Dungeon.
You visited 1 branch of the dungeon, and saw 5 of its levels.

You collected 182 gold pieces.


Innate Abilities, Weirdness & Mutations

You are immune to sickness and miasma.
Your stone body is resilient. (AC +4)
You are immune to poison.
You resist negative energy. (rN+)
You are resistant to electric shocks. (rElec)
You are resistant to unholy torment.
You are immune to petrification.


   Skills:
 + Level 3.8 Fighting
 - Level 6.0 Ranged Weapons
 - Level 1.9 Armour
 - Level 1.5 Dodging
 - Level 1.0 Spellcasting
 - Level 2.6 Hexes


You had 7 spell levels left.
You knew the following spells:

 Your Spells              Type           Power      Damage    Failure   Level
a - Slow                  Hex            28%        N/A       10%         1

Your spell library contained the following spells:

 Spells                   Type           Power      Damage    Failure   Level
 Inner Flame              Hex/Fire       4%         N/A       43%         3
 Portal Projectile        Hex/Tloc       8%         N/A       43%         3
 Cause Fear               Hex            3%         N/A       67%         4

Inventory:

Hand Weapons
 Y - a +1 sling (weapon)
Armour
 b - a +0 robe of cold resistance (worn)
 h - a +0 cloak (worn)
 j - a +2 pair of gloves (worn)
 m - a +0 ring mail
Jewellery
 c - an amulet of guardian spirit (around neck)
 g - a ring of willpower (left hand)
Wands
 a - a wand of digging (10)
Scrolls
 l - a scroll of identify
Potions
 e - a potion of lignification {unknown}
 f - a potion of invisibility {unknown}
 i - a potion of curing

Dungeon Overview and Level Annotations

Branches:
Dungeon (5/15)
 Temple: D:4-7

Altars:
Makhleb

Shops:
D:4 =


Message History

You shoot a sling bullet.
The sling bullet hits the orc priest but does no damage.
The gnoll misses you. The orc priest barely misses you. The orc misses you.
The gnoll bouda hits you but does no damage.
The gnoll hits you but does no damage.
You shoot a sling bullet. The sling bullet hits the orc priest.
The orc priest is lightly wounded.
The orc priest mumbles some strange prayers to Beogh against you.
Beogh smites you! The orc hits you with a +0 short sword.
The gnoll bouda barks out a call to the hunt!
The gnoll hits you but does no damage.
The gnoll hits you from afar with a +0 spear.
You shoot a sling bullet. The sling bullet hits the orc priest.
The orc priest is moderately wounded.
The orc priest completely misses you. The orc closely misses you.
The gnoll bouda closely misses you. The gnoll hits you but does no damage.
The gnoll hits you from afar with a +0 spear.
A gnoll comes into view. It is wielding a +0 spear.
You shoot a sling bullet. The sling bullet hits the orc priest.
The orc priest is heavily wounded.
You hear a shout!
The gnoll bouda hits you but does no damage.
The orc priest closely misses you. The gnoll hits you but does no damage.
The orc closely misses you. The gnoll closely misses you.
You shoot a sling bullet. The sling bullet hits the orc priest.
The orc priest is almost dead.
The gnoll barely misses you. The orc priest closely misses you.
The orc closely misses you.
The gnoll bouda hits you but does no damage.
The gnoll misses you.
A gnoll comes into view. It is wielding a +0 spear.
The gnoll closely misses you.
You shoot a sling bullet.
The sling bullet barely misses the orc priest.
The orc hits you but does no damage.
The orc priest hits you but does no damage.
The gnoll closely misses you. The gnoll hits you but does no damage.
The gnoll barely misses you.
The gnoll hits you from afar with a +0 spear.
You die...

#######...##....##...##
......#...#............
......#...#............
......#...#............
......#...#............
......#...#.........g..
......#...##..gg##.....
##..###...##...o## ..g
##..###...##..gg@# .
....#..........og#
....'............+
....#............#
....#.....########
##..###...# ##..###+###
..<....... ..........


You could see a gnoll bouda, an orc priest, 4 gnolls and an orc.

Vanquished Creatures
  A black bear (D:4)
  2 scorpions (D:4)
  A hound (D:4)
  A jelly (D:5)
  Jessica (D:2)
  4 adders
  2 worms (D:2)
  4 dart slugs
  6 orcs
  8 ball pythons
  3 bats
  8 endoplasms
  5 giant cockroaches
  8 goblins
  10 hobgoblins
  2 jackals (D:1)
  5 kobolds
  6 quokkas
  5 frilled lizards
  10 rats
92 creatures vanquished.

Notes
Turn   | Place    | Note
-------+----------+-------------------------------------------
     0 | D:1      | qw the Gargoyle Hexslinger began the quest for the Orb.
     0 | D:1      | Reached XP level 1. HP: 12/12 MP: 2/2
     0 | D:1      | 0 ||| qw: Version: 0.3-a-46-gb1f654a
     0 | D:1      | 0 ||| qw: Game counter: 2722
     0 | D:1      | 0 ||| qw: Melee chars always use a shield: true
     0 | D:1      | 0 ||| qw: God list: Okawaru
     0 | D:1      | 0 ||| qw: Allow faded altars: false
     0 | D:1      | 0 ||| qw: Do Orc after clearing Dungeon:15 true
     0 | D:1      | 0 ||| qw: Do second Lair branch before Depths: true
     0 | D:1      | 0 ||| qw: Lair rune preference: random
     0 | D:1      | 0 ||| qw: Goals: Normal
     0 | D:1      | 0 ||| PLANNING D:1-11
    89 | D:1      | Reached XP level 2. HP: 16/16 MP: 3/3
   153 | D:1      | Reached skill level 3 in Ranged Weapons
   266 | D:1      | Reached XP level 3. HP: 21/21 MP: 4/4
   641 | D:1      | 641 ||| UPGRADING to +0 leather armour.
   651 | D:1      | 651 ||| DROPPING +0 robe.
   652 | D:1      | 652 ||| READING scroll labelled ENEEDI TOEHUU.
   653 | D:1      | 653 ||| READING scroll labelled MOUTITWYZOTU.
   654 | D:1      | 654 ||| DRINKING 2 yellow potions.
   655 | D:1      | 655 ||| DROPPING scroll of poison.
   656 | D:1      | 656 ||| DROPPING potion of degeneration.
   789 | D:2      | Found a burning altar of Makhleb.
   946 | D:2      | Reached XP level 4. HP: 26/26 MP: 5/5
  1172 | D:2      | Reached skill level 4 in Ranged Weapons
  1393 | D:2      | Noticed Jessica
  1399 | D:2      | 1399 ||| FLEEEEING.
  1400 | D:2      | 1400 ||| FLEEEEING.
  1406 | D:2      | 1406 ||| FLEEEEING.
  1407 | D:2      | 1407 ||| FLEEEEING.
  1408 | D:2      | 1408 ||| FLEEEEING.
  1411 | D:2      | 1411 ||| FLEEEEING.
  1412 | D:2      | 1412 ||| FLEEEEING.
  1413 | D:2      | 1413 ||| FLEEEEING.
  1414 | D:2      | 1414 ||| FLEEEEING.
  1415 | D:2      | 1415 ||| FLEEEEING.
  1416 | D:2      | 1416 ||| FLEEEEING.
  1417 | D:2      | 1417 ||| FLEEEEING.
  1418 | D:2      | 1418 ||| FLEEEEING.
  1419 | D:2      | 1419 ||| FLEEEEING.
  1421 | D:2      | Killed Jessica
  1817 | D:2      | 1817 ||| UPGRADING to +0 robe of cold resistance.
  1827 | D:2      | 1827 ||| UPGRADING to amulet of guardian spirit.
  1832 | D:2      | 1832 ||| READING scroll labelled FUEPLE TOURGHEK.
  1833 | D:2      | 1833 ||| READING 2 scrolls labelled UFALAM LAT.
  1834 | D:2      | 1834 ||| DRINKING 2 black potions.
  1835 | D:2      | 1835 ||| DROPPING scroll of immolation.
  2004 | D:3      | Reached XP level 5. HP: 29/30 MP: 6/6
  2106 | D:3      | Reached skill level 5 in Ranged Weapons
  2204 | D:3      | 2204 ||| DROPPING +0 leather armour.
  2205 | D:3      | 2205 ||| UPGRADING to +0 cloak.
  2210 | D:3      | 2210 ||| UPGRADING to +0 pair of gloves.
  2215 | D:3      | 2215 ||| READING scroll of enchant armour.
  2215 | D:3      | 2215 ||| ENCHANTING +0 pair of gloves.
  2216 | D:3      | 2216 ||| READING scroll labelled RUHEAF AJUI.
  2217 | D:3      | 2217 ||| DRINKING 2 fuming golden potions.
  2421 | D:4      | Reached skill level 3 in Fighting
  2433 | D:4      | Found Hoosucw's Jewellery Shop.
  2730 | D:4      | Reached XP level 6. HP: 28/37 MP: 5/7
  2829 | D:4      | Noticed a black bear
  2849 | D:4      | Killed a black bear
  2850 | D:4      | Reached skill level 6 in Ranged Weapons
  3104 | D:4      | 3104 ||| SHOPLISTING +4 ring of slaying (1014 gold, have
                  | 173).
  3104 | D:4      | 3104 ||| SHOPLISTING +5 ring of evasion (468 gold, have
                  | 173).
  3104 | D:4      | 3104 ||| SHOPLISTING +6 ring of strength (468 gold, have
                  | 173).
  3104 | D:4      | 3104 ||| SHOPLISTING amulet of the acrobat (390 gold, have
                  | 173).
  3104 | D:4      | 3104 ||| SHOPLISTING ring of Compassion {Wiz rCorr Str+8}
                  | (772 gold, have 173).
  3104 | D:4      | 3104 ||| SHOPLISTING ring of ice (325 gold, have 173).
  3104 | D:4      | 3104 ||| SHOPLISTING ring of see invisible (195 gold, have
                  | 173).
  3302 | D:4      | Reached skill level 1 in Armour
  3404 | D:4      | 3404 ||| UPGRADING to ring of willpower.
  3426 | D:5      | Entered Level 5 of the Dungeon
  3432 | D:5      | Reached XP level 7. HP: 42/42 MP: 8/8
  3439 | D:5      | 3439 ||| READING scroll of enchant armour.
  3439 | D:5      | 3439 ||| ENCHANTING +1 pair of gloves.
  3472 | D:5      | 3472 ||| Stepping ~*~*~tactically~*~*~ (outnumbered).
  3475 | D:5      | 3475 ||| Stepping ~*~*~tactically~*~*~ (outnumbered).
  3478 | D:5      | 3478 ||| Stepping ~*~*~tactically~*~*~ (outnumbered).
  3487 | D:5      | HP: 8/42 [gnoll/+0 flail[a gnoll bouda] (3)]
  3488 | D:5      | 3488 ||| DRINKING potion of heal wounds.
  3491 | D:5      | HP: 1/42 [gnoll/+0 spear[a gnoll bouda] (3)]
  3494 | D:5      | Slain by a gnoll

Levels and vault maps discovered:
D:1:      onia_arrival_mini_maze_b, layout_basic
D:2:      layout_basic, basic_altar, uniq_jessica
D:3:      layout_rooms
D:4:      layout_basic, serial_shops, nicolae_inconvenience_store,
          minmay_strange_pillars
D:5:      layout_gridville, chequers_jeans

Skill      XL: |  1  2  3  4  5  6 |
---------------+-------------------+-----
Ranged Weapons | 3 4 5 6 |  6.0
Fighting       | 2 3 |  3.8
Armour         | 1 |  1.9
Dodging        | |  1.5
Spellcasting   | |  1.0
Hexes          | |  2.6

Action                     |  1- 3 |  4- 6 |  7- 9 || total
---------------------------+-------+-------+-------++-------
   Fire: Sling             |   149 |   218 |    25 ||   392
    Use: Scroll            |     2 |     4 |     1 ||     7
         Potion            |     1 |     2 |     1 ||     4
 Armour: Robe              |    27 |    60 |    23 ||   110
         Leather armour    |    17 |     3 |       ||    20
  Dodge: Dodged            |    62 |    83 |    47 ||   192

Table legend:
 A = Non-vault XP
 B = Vault XP
 C = Vault XP percentage of total XP
 D = Non-vault monster count
 E = Vault monster count
 F = Vault count percentage of total count
                 A         B        C        D         E       F
            +---------+---------+-------+---------+---------+-------
      Total |     594 |      41 |   6.5 |      90 |       2 |   2.2
            +---------+---------+-------+---------+---------+-------
        D:1 |      55 |       4 |   6.8 |      32 |       1 |   3.0
        D:2 |      56 |      37 |  39.8 |      20 |       1 |   4.8
        D:3 |      42 |       0 |   0.0 |      18 |       0 |   0.0
        D:4 |     382 |       0 |   0.0 |      17 |       0 |   0.0
        D:5 |      59 |       0 |   0.0 |       3 |       0 |   0.0
            +---------+---------+-------+---------+---------+-------
